 Dungeon Crawl Stone Soup version 0.20.1-1-g8b1a95d (webtiles) character file.

254 pstr the Magician (level 5, -6/24 HPs)
             Began as a Spriggan Earth Elementalist on Jan 4, 2018.
             Killed from afar by an orc wizard (10 damage)
             ... with a puff of flame
             ... on level 4 of the Dungeon.
             The game lasted 00:08:26 (3764 turns).

pstr the Magician (Spriggan Earth Elementalist)     Turns: 3764, Time: 00:08:27

Health: -6/24      AC:  3    Str:  4    XL:     5   Next: 90%
Magic:  3/13       EV: 18    Int: 20    God:
Gold:   120        SH:  0    Dex: 16    Spells: 10/14 levels left

rFire    . . .     SeeInvis +   o - +2 quarterstaff (chaos)
rCold    . . .     Gourm    .   (shield currently unavailable)
rNeg     . . .     Faith    .   c - +0 robe
rPois    .         Spirit   .   (helmet restricted)
rElec    .         Reflect  .   p - +0 cloak
rCorr    .         Harm     .   (gloves unavailable)
MR       .....     Rnd*Rage +   (boots unavailable)
Stlth    +++.......             (no amulet)
Regen    0.1/turn               (no ring)
MPRegen  0.2/turn               (no ring)

@: very quick
A: unfitting armour, see invisible, berserk 1, clever 1, herbivore 3, speed 3,
slow metabolism 2
a: no special abilities


You were on level 4 of the Dungeon.
You were not hungry.

You visited 1 branch of the dungeon, and saw 4 of its levels.

You collected 120 gold pieces.

Inventory:

Hand Weapons
 f - a +0 short sword
 n - a +1 mace of crushing
 o - a +2 quarterstaff of chaos (weapon)
 q - a +2 mace of crushing
Missiles
 b - 44 stones (quivered)
 h - 32 arrows
Armour
 c - a +0 robe (worn)
 p - a +0 cloak (worn)
Scrolls
 a - a scroll of recharging {unknown}
 i - 4 scrolls of enchant weapon {unknown}
 m - 2 scrolls of fog {unknown}
 s - 3 scrolls of enchant armour {unknown}
 u - a scroll of immolation {unknown}
 v - a scroll of fear {unknown}
 w - a scroll of remove curse {unknown}
Potions
 j - 2 potions of haste {unknown}
 k - a potion of flight {unknown}
 l - a potion of curing {unknown}
 r - 2 potions of berserk rage {unknown}
 t - 2 potions of agility {unknown}
Books
 e - a book of Geomancy

   Spells                             Type                      Level
   a - Sandblast                      Earth                        1
   b - Passwall                       Transmutation/Earth          2
   c - Stone Arrow                    Conjuration/Earth            3
   d - Petrify                        Transmutation/Earth          4
   e - Lee's Rapid Deconstruction     Earth                        5
Comestibles
 d - a bread ration


   Skills:
 + Level 0.3 Staves
 + Level 3.2 Dodging
 + Level 3.7 Stealth
 + Level 5.4 Spellcasting
 + Level 0.5 Conjurations
   Level 1.3 Transmutations
 + Level 4.3 Earth Magic


You had 10 spell levels left.
You knew the following spells:

 Your Spells              Type           Power        Failure   Level  Hunger
a - Sandblast             Erth           ###...       1%          1    None
b - Stone Arrow           Conj/Erth      ###...       12%         3    ##.....


Dungeon Overview and Level Annotations

Branches:
Dungeon (4/15)
 Temple: D:4-7

Altars:
Kikubaaqudgha


Innate Abilities, Weirdness & Mutations

You are very small and have problems with some larger weapons.
You are too small for most types of armour.
You have supernaturally acute eyesight. (SInv)
You are a herbivore.
You cover ground extremely quickly.
You need consume almost no food.
You tend to lose your temper in combat.
Your mind is acute. (Int +2)


Message History

An orc comes into view.
Casting: Sandblast
Confirm with . or Enter, or press ? or * to list all spells.
Aiming: Sandblast
Press: ? - help, Shift-Dir - straight line, f/p - orc priest
Aim: an orc priest, wielding a flail The blast of sand hits the orc priest.
The orc priest is almost dead.
b - 44 stones The orc priest casts a cantrip, but nothing happens.
The orc priest calls down the wrath of Beogh upon you.
Beogh smites you!
* * * LOW HITPOINT WARNING * * *
The orc priest miscasts a cantrip.
An orc wizard comes into view. It is wielding an enchanted dagger.
It was a potion of mutation.
You feel extremely strange.
You feel a little pissed off.
You feel clever. The orc wizard casts a spell at you.
The puff of flame hits you!
You die...

#.# ... #.# ###### #.#
#.... #.# #... ###.## #..#
#....# #..# .
#....####..##oo..
#......@..ooo._..
##########....#####o#o...#
#..........#.## .# .##
#.##########.# .# #.#####
#.# .. ......# ##'## ##
......# ##...## ......#
##.....##
......###.(.....#


You could see 2 orc priests, 2 orc wizards and 3 orcs.

Vanquished Creatures
  A crimson imp (D:3)
  2 orc priests
  Crazy Yiuf (D:2)
  4 gnolls (D:2)
  3 adders
  2 worms (D:3)
  3 dart slugs
  A leopard gecko (D:1)
  3 orcs (D:3)
  A ball python (D:2)
  3 bats
  6 goblins
  4 hobgoblins
  3 jackals (D:1)
  3 quokkas
  4 frilled lizards
  7 kobolds
  7 rats
58 creatures vanquished.

Notes
Turn   | Place    | Note
-------+----------+-------------------------------------------
     0 | D:1      | pstr the Spriggan Earth Elementalist began the quest for the Orb.
     0 | D:1      | Reached XP level 1. HP: 9/9 MP: 5/5
   122 | D:1      | Reached XP level 2. HP: 13/13 MP: 0/6
   256 | D:1      | Reached skill level 3 in Spellcasting
   984 | D:2      | Reached XP level 3. HP: 16/16 MP: 5/8
  1023 | D:2      | Found a runed door.
  1027 | D:2      | Noticed Crazy Yiuf
  1036 | D:2      | Killed Crazy Yiuf
  1324 | D:2      | Reached skill level 4 in Spellcasting
  1329 | D:2      | Learned a level 3 spell: Stone Arrow
  1475 | D:2      | Reached XP level 4. HP: 21/21 MP: 6/11
  2717 | D:3      | Reached XP level 5. HP: 24/24 MP: 5/13
  2878 | D:3      | Reached skill level 5 in Spellcasting
  3364 | D:3      | Found a faded altar of an unknown god.
  3753 | D:4      | Found an ancient bone altar of Kikubaaqudgha.
  3764 | D:4      | Gained mutation: You tend to lose your temper in combat. [potion of mutation]
  3764 | D:4      | Gained mutation: Your mind is acute. (Int +2) [potion of mutation]
  3764 | D:4      | Killed from afar by an orc wizard

Skill      XL: |  1  2  3  4  5 |
---------------+----------------+-----
Earth Magic    | 3 4 |  4.3
Spellcasting   | 3 4 5 |  5.4
Staves         | |  0.3
Dodging        | |  3.2
Stealth        | |  3.7
Conjurations   | |  0.5
Transmutations | |  1.3

Action                   |  1- 3 |  4- 6 || total
-------------------------+-------+-------++-------
Melee: Short sword       |     2 |       ||     2
       Quarterstaff      |       |    11 ||    11
 Cast: Sandblast         |    42 |    31 ||    73
       Stone Arrow       |       |    30 ||    30
  Use: Potion            |       |     1 ||     1
 Stab: Paralysed         |       |     1 ||     1
  Eat: Bread ration      |       |     1 ||     1
Armor: Robe              |     1 |     3 ||     4
Dodge: Dodged            |    12 |    18 ||    30
